 Dungeon Crawl Stone Soup version 0.31-a0-523-g071a6c1ffa (webtiles) character file.

Game seed: 7715858051935958174

46858 gruber the Gelid (level 14, -6/112 HPs)
             Began as a Demonspawn Ice Elementalist on Aug 10, 2023.
             Was a High Priest of Vehumet.
             Mangled by a skeletal warrior
             ... wielding a +0 dire flail of protection
              (20 damage)
             ... on level 11 of the Dungeon on Aug 11, 2023.
             The game lasted 00:36:43 (18198 turns).

gruber the Gelid (Demonspawn Ice Elementalist)     Turns: 18198, Time: 00:36:44

Health: -6/112     AC: 21    Str: 12    XL:     14   Next: 6%
Magic:  13/26      EV: 15    Int: 19    God:    Vehumet [*****.]
Gold:   1152       SH:  4    Dex: 17    Spells: 22/29 levels left

rFire   . . .        I - +9 war axe of Nuyngoi {pain, Will+++ Str-2 Stlth+}
rCold   + . .        (no shield)
rNeg    . . .        i - +3 leather armour "Vixaoq" {+Blink Regen+}
rPois   .            m - +2 helmet
rElec   .            p - +0 cloak
rCorr   .            (no gloves)
SInv    +            (no boots)
Will    +++++        a - amulet of regeneration
Stlth   +++++        j - ring of protection from cold
HPRegen 1.98/turn    L - ring "Sofos" {Will+ Str+4 Int-2 Dex+4 SInv}
MPRegen 0.20/turn

%: no passive effects
@: ice-armoured, freezing walls
A: rugged brown scales 3, condensation shield, demonic magic 2, weakness stinger
2
a: Renounce Religion, Evoke Blink


You were on level 11 of the Dungeon.
You worshipped Vehumet.
Vehumet was extremely pleased with you.
You visited 3 branches of the dungeon, and saw 18 of its levels.

You collected 1212 gold pieces.
You spent 60 gold pieces at shops.

Inventory:

Hand Weapons
 s - a +2 short sword of speed
 I - the +9 war axe of Nuyngoi (weapon) {pain, Will+++ Str-2 Stlth+}
   (You found it on level 7 of the Dungeon)

   Str-2:     It affects your strength (-2).
   Will+++:   It greatly increases your willpower.
   Stlth+:    It makes you more stealthy.
Missiles
 y - a throwing net
 C - 4 curare-tipped darts
 M - 2 large rocks
Armour
 i - the +3 leather armour "Vixaoq" (worn) {+Blink Regen+}
   (You found it on level 2 of the Dungeon)

   +Blink:    It lets you blink.
   Regen+:    It increases your rate of health regeneration.
 m - a +2 helmet (worn)
 p - a +0 cloak (worn)
Magical Staves
 O - a staff of air
Jewellery
 a - an amulet of regeneration (around neck)
 j - a ring of protection from cold (left hand)
 L - the ring "Sofos" (right hand) {Will+ Str+4 Int-2 Dex+4 SInv}
   (You found it on level 9 of the Dungeon)

   [ring of willpower]

   Str+4:     It affects your strength (+4).
   Int-2:     It affects your intelligence (-2).
   Dex+4:     It affects your dexterity (+4).
   Will+:     It increases your willpower.
   SInv:      It lets you see invisible.
 S - a ring of see invisible
Talismans
 K - a flux talisman
Wands
 e - a wand of polymorph (6)
 l - a wand of flame (81)
 n - a wand of paralysis (35)
 A - a wand of quicksilver (9)
 E - a wand of digging (6)
 J - a wand of roots (18)
 R - a wand of mindburst (9)
Scrolls
 g - 16 scrolls of identify {unknown}
 h - 2 scrolls of revelation {unknown}
 o - 6 scrolls of teleportation {unknown}
 r - 3 scrolls of fog {unknown}
 t - 3 scrolls of amnesia {unknown}
 v - 5 scrolls of poison {unknown}
 z - 2 scrolls of noise {unknown}
 B - a scroll of immolation {unknown}
 F - 4 scrolls of vulnerability {unknown}
 G - 2 scrolls of blinking {unknown}
 N - a scroll of enchant weapon {unknown}
 P - 2 scrolls of brand weapon {unknown}
 Q - a scroll of fear {unknown}
Potions
 b - 2 potions of magic
 c - 5 potions of heal wounds
 d - 9 potions of curing {unknown}
 f - a potion of mutation {unknown}
 k - 2 potions of degeneration {unknown}
 q - 9 potions of ambrosia
 u - 4 potions of attraction {unknown}
 w - 3 potions of enlightenment {unknown}
 x - 2 potions of brilliance {unknown}
 D - a potion of haste {unknown}
 H - 2 potions of berserk rage {unknown}


   Skills:
 - Level 8.1 Fighting
 - Level 5.1 Short Blades
 - Level 5.0 Axes
 - Level 2.0 Armour
 * Level 7.2 Dodging
 - Level 10.0 Stealth
 - Level 8.1 Spellcasting
 - Level 15.2 Ice Magic


You had 22 spell levels left.
You knew the following spells:

 Your Spells              Type           Power      Damage    Failure   Level
a - Freeze                Ice            100%       1d10      0%          1
b - Frozen Ramparts       Ice            100%       1d16      1%          3
c - Ozocubu's Armour      Ice            60%        N/A       1%          3

Your spell library contained the following spells:

 Spells                   Type           Power      Damage    Failure   Level
 Starburst                Conj/Fire      3%         6d3       98%         6
 Momentum Strike          Conj/Tloc      14%        3d8       4%          2
 Summon Ice Beast         Ice/Summ       36%        N/A       4%          4
 Blink                    Tloc           14%        N/A       17%         2
 Lesser Beckoning         Tloc           14%        N/A       17%         2
 Animate Armour           Summ/Erth      14%        N/A       75%         4
 Alistair's Intoxication  Tmut/Pois      4%         N/A       97%         5
 Summon Forest            Summ/Tloc      3%         N/A       97%         5
 Eringya's Noxious Bog    Tmut/Pois      3%         4d6       98%         6
 Monstrous Menagerie      Summ           3%         N/A       100%        7
 Summon Hydra             Summ           3%         N/A       100%        7


Dungeon Overview and Level Annotations

Branches:
Dungeon (12/15)            Temple (1/1) D:4            Lair (5/5) D:11
 Shoals (0/4) Lair:2        Snake (0/4) Lair:2        Slime (0/5) Lair:4
    Orc (0/2) D:12

Altars:
Ashenzari
Cheibriados
Dithmenos
Fedhas
Gozag
Hepliaklqana
Kikubaaqudgha
Makhleb
Nemelex Xobeh
Okawaru
Qazlal
Ru
Sif Muna
Trog
Uskayaw
Vehumet
Wu Jian
Xom
Yredelemnul
Jiyva

Shops:
D:3 =   D:6 :*   D:8 *   D:11 *

Annotations:
D:4 1 runed translucent door, Xoff's ghost, amateur GnCj
Lair:4 exclusion: 3 oklob plants


Innate Abilities, Weirdness & Mutations

You are completely covered in rugged brown scales. (AC +3, +7% HP)
A meltable shield of frost defends you. (SH +4)
Spells you cast may paralyse nearby enemies.
You have a tail ending in a sharp stinger.


Message History

The skeletal warrior hits you with a +0 dire flail of protection.
* * * LOW HITPOINT WARNING * * *
The skeletal warrior resists.
The wall freezes the skeletal warrior.
Casting: Freeze (safe; 0% risk of failure)
Confirm with . or Enter, or press ? or * to list all spells.
Aiming: Freeze (safe; 0% risk of failure)
Press: ? - help, Shift-Dir - straight line, f/p - skeletal warrior
Aim: a skeletal warrior, wielding a +0 dire flail of protection (heavily damaged)
You freeze the skeletal warrior.
The skeletal warrior resists.
The skeletal warrior is heavily damaged.
Malevolent energies surge around you.
The skeletal warrior resists.
The wall freezes the skeletal warrior.
The skeletal warrior hits you with a +0 dire flail of protection!
* * * LOW HITPOINT WARNING * * *
The wall freezes the skeletal warrior but does no damage.
Unknown command.
Casting: Freeze (safe; 0% risk of failure)
Confirm with . or Enter, or press ? or * to list all spells.
Aiming: Freeze (safe; 0% risk of failure)
Press: ? - help, Shift-Dir - straight line, f/p - skeletal warrior
Aim: a skeletal warrior, wielding a +0 dire flail of protection (heavily damaged)
You freeze the skeletal warrior but do no damage.
The skeletal warrior completely resists.
Malevolent energies surge around you.
The wall freezes the skeletal warrior but does no damage.
The skeletal warrior hits you but does no damage.
The wall freezes the skeletal warrior but does no damage.
Unknown command.
Unknown command.
Casting: Freeze (safe; 0% risk of failure)
Confirm with . or Enter, or press ? or * to list all spells.
Aiming: Freeze (safe; 0% risk of failure)
Press: ? - help, Shift-Dir - straight line, f/p - skeletal warrior
Aim: a skeletal warrior, wielding a +0 dire flail of protection (heavily damaged)
You freeze the skeletal warrior.
The skeletal warrior resists.
The skeletal warrior is heavily damaged.
Malevolent energies surge around you.
The skeletal warrior resists.
The wall freezes the skeletal warrior.
The skeletal warrior hits you with a +0 dire flail of protection!!
You die...

~.~.~.~.≈# #.....##...# #......
.~.~.~.~.# #..######.## ###......
~.~.~.~.~# #.........# #...#....
.~.~.~.~.###.......######.###.###
~.~.............<>......#.# #...#
.~...≈.~.###.......####.#.#####.#
~.~.~.≈.~# #.###......#.#.......#
.~...~.~.###.########.#.######..#
................@zz.........>...#
.....~.~.###.########.###....#..#
~.~.~.~.~# #.# ###.#......#.##
.~.~.~.~.# #.# #...#.#........
~.~.~.~.~###.######.###..........
...~.≈.~.#...#..........###.....#
....~.≈.≈#.###..................#
.~~~~~~~≈~~~≈≈~~~~≈.............#
~~~~~~≈~≈≈≈≈≈≈≈~≈~≈~~...........#


You could see 2 skeletal warriors.

Vanquished Creatures
  A fire dragon (Lair:5)
  6 hydras
  2 death yaks (Lair:5)
  5 two-headed ogres
  A fire crab (Lair:5)
  A lindwurm (Lair:2)
  An ugly thing (D:12)
  3 cyclopes
  A salamander (Lair:2)
  Maurice (D:10)
  5 black mambas
  A gargoyle (D:11)
  2 torpor snails (Lair:2)
  3 molten gargoyles (Lair:5)
  2 rime drakes (Lair:5)
  6 cane toads
  11 komodo dragons
  An unseen horror zombie (D:8)
  5 trolls
  A queen bee (Lair:4)
  2 polar bears
  3 meliai (Lair:4)
  2 hornets
  10 blink frogs (Lair:5)
  Prince Ribbit (D:5)
  A snapping turtle (Lair:2)
  A shadow (D:11)
  A vampire (D:12)
  3 wraiths
  6 wyverns
  2 water elementals (D:11)
  4 basilisks
  50 yaks
  A steam dragon (D:7)
  14 vampire mosquitoes
  3 nagas (Lair:2)
  20 water moccasins
  4 hell hounds (Lair:5)
  An acid dragon (D:12)
  4 orc warriors
  3 black bears
  3 sky beasts
  An ice beast (D:5)
  7 wolves
  10 centaurs
  A wyvern zombie (D:8)
  13 bullfrogs
  3 kobold brigands
  4 scorpions
  6 wights
  36 killer bees
  9 electric eels
  2 howler monkeys (D:10)
  5 lava snakes (Lair:5)
  3 hounds
  Crazy Yiuf (D:2)
  A gnoll bouda (D:3)
  9 orc priests
  Jessica (D:2)
  6 orc wizards
  3 iguanas
  2 sleepcaps
  5 hell rats (Lair:2)
  Robin (D:2)
  11 gnolls
  8 adders
  A shadow imp (D:8)
  30 orcs
  9 ball pythons
  13 endoplasms
  3 giant cockroaches
  19 goblins
  8 hobgoblins
  4 jackals (D:4)
  2 quokkas (D:1)
  6 bats
  A frilled lizard (D:2)
  21 kobolds
  13 rats
476 creatures vanquished.

Vanquished Creatures (others)
  An orc wizard (D:4)
1 creature vanquished.

Grand Total: 477 creatures vanquished

Notes
Turn   | Place    | Note
-------+----------+-------------------------------------------
     0 | D:1      | gruber the Demonspawn Ice Elementalist began the quest for
                  | the Orb.
     0 | D:1      | Reached XP level 1. HP: 13/13 MP: 3/3
   154 | D:1      | Reached skill level 4 in Ice Magic
   209 | D:1      | Gained mutation: You are partially covered in rugged brown
                  | scales. (AC +1, +3% HP) [demonic ancestry]
   209 | D:1      | Reached XP level 2. HP: 13/19 MP: 3/5
   857 | D:1      | Reached XP level 3. HP: 24/24 MP: 4/6
  1155 | D:2      | Noticed Jessica
  1223 | D:2      | Killed Jessica
  1224 | D:2      | Reached skill level 5 in Ice Magic
  1224 | D:2      | Gained mutation: Spells you cast may paralyse adjacent
                  | enemies. [demonic ancestry]
  1224 | D:2      | Reached XP level 4. HP: 30/30 MP: 1/7
  1288 | D:2      | Identified the +3 leather armour "Vixaoq" {+Blink Regen+}
  1475 | D:2      | Noticed Robin
  1490 | D:1      | Learned a level 3 spell: Frozen Ramparts
  1559 | D:2      | Killed Robin
  1760 | D:2      | Found a runed translucent door.
  1761 | D:2      | Noticed Crazy Yiuf
  1947 | D:2      | Killed Crazy Yiuf
  1948 | D:2      | Gained mutation: You are mostly covered in rugged brown
                  | scales. (AC +2, +5% HP) [demonic ancestry]
  1948 | D:2      | Reached XP level 5. HP: 30/36 MP: 8/8
  2230 | D:3      | Reached skill level 6 in Ice Magic
  2269 | D:3      | Gained mutation: A meltable shield of frost defends you.
                  | (SH +4) [demonic ancestry]
  2269 | D:3      | Reached XP level 6. HP: 43/43 MP: 7/9
  2522 | D:3      | Reached skill level 7 in Ice Magic
  2955 | D:3      | Found Zauledun's Jewellery Shoppe.
  3200 | D:4      | Noticed a water moccasin
  3205 | D:4      | Killed a water moccasin
  3206 | D:4      | Reached XP level 7. HP: 48/48 MP: 10/10
  3272 | D:4      | Found a staircase to the Ecumenical Temple.
  3301 | D:4      | Reached skill level 8 in Ice Magic
  3699 | D:4      | Found a shimmering blue altar of Sif Muna.
  3741 | D:4      | Found a stormy altar of Qazlal.
  3888 | D:4      | Found a runed translucent door.
  3888 | D:4      | Noticed Xoff's ghost (amateur GnCj)
  4391 | D:5      | Entered Level 5 of the Dungeon
  4420 | D:5      | Reached skill level 9 in Ice Magic
  4439 | D:5      | Reached skill level 1 in Armour
  4484 | D:5      | Found a blossoming altar of Fedhas.
  4500 | D:5      | Gained mutation: You have a small tail. [demonic ancestry]
  4500 | D:5      | Reached XP level 8. HP: 51/54 MP: 11/11
  4867 | D:5      | Noticed Prince Ribbit
  4876 | D:5      | Killed Prince Ribbit
  4899 | D:5      | Reached skill level 5 in Stealth
  5330 | Temple   | Entered the Ecumenical Temple
  5334 | Temple   | Became a worshipper of Vehumet
  5488 | D:6      | Found Disurhet's Assorted Antiques.
  6196 | D:6      | Found Zoqovulo's Tremendous Tomes.
  6300 | D:7      | Reached skill level 1 in Short Blades
  6355 | D:7      | Found an opulent altar of Gozag.
  6465 | D:7      | Reached XP level 9. HP: 56/59 MP: 12/12
  6891 | D:7      | Identified the +9 war axe of Nuyngoi {pain, Will+++ Str-2
                  | Stlth+}
  7036 | D:8      | Reached skill level 5 in Short Blades
  7181 | D:8      | Reached skill level 5 in Fighting
  7188 | D:8      | Reached * piety under Vehumet
  7188 | D:8      | Offered knowledge of Sandblast by Vehumet.
  7306 | D:8      | Gained mutation: Spells you cast may paralyse nearby
                  | enemies. [demonic ancestry]
  7306 | D:8      | Reached XP level 10. HP: 76/80 MP: 13/13
  7329 | D:8      | Found a basalt altar of Yredelemnul.
  8007 | D:8      | Found Marit's General Store.
  8010 | D:8      | Bought a potion of heal wounds for 60 gold pieces
  8254 | D:9      | Identified the ring "Sofos" {Will+ Str+4 Int-2 Dex+4 SInv}
  8529 | D:9      | Reached ** piety under Vehumet
  8529 | D:9      | Offered knowledge of Static Discharge by Vehumet.
  8597 | D:9      | Reached skill level 5 in Spellcasting
  8999 | D:10     | Entered Level 10 of the Dungeon
  9087 | D:10     | Offered knowledge of Dazzling Flash by Vehumet.
  9233 | D:10     | Found an iron altar of Okawaru.
  9290 | D:10     | Noticed a two-headed ogre
  9295 | D:10     | Killed a two-headed ogre
  9296 | D:10     | Reached XP level 11. HP: 69/90 MP: 16/22
  9471 | D:10     | Upgraded the game from 0.31-a0-521-gc7390f8997 to
                  | 0.31-a0-523-g071a6c1ffa
  9495 | D:10     | Found a hazy altar of Hepliaklqana.
  9730 | D:10     | Noticed Maurice
  9738 | D:10     | Killed Maurice
  9864 | D:11     | Found Doca's Assorted Antiques.
  9982 | D:11     | Reached *** piety under Vehumet
  9991 | D:11     | Noticed a two-headed ogre
 10038 | D:11     | Killed a two-headed ogre
 10039 | D:11     | Reached skill level 5 in Dodging
 10227 | D:11     | Identified the +1 plate armour of Context {rC+ Slay+6}
 10420 | D:11     | Found a staircase to the Lair.
 10736 | D:12     | Found a staircase to the Orcish Mines.
 10738 | D:12     | Noticed a two-headed ogre
 10843 | D:12     | Noticed a two-headed ogre
 10851 | D:12     | Killed a two-headed ogre
 10883 | D:12     | Noticed a two-headed ogre
 10894 | D:12     | Killed a two-headed ogre
 10899 | D:12     | Offered knowledge of Olgreb's Toxic Radiance by Vehumet.
 11146 | D:12     | Noticed a two-headed ogre
 11183 | D:12     | Killed a two-headed ogre
 11215 | D:12     | Reached XP level 12. HP: 96/96 MP: 21/24
 11412 | D:12     | Reached skill level 10 in Stealth
 11463 | D:12     | Reached skill level 1 in Axes
 11748 | D:12     | HP: 4/96 [skeletal warrior/+0 dire flail of protection
                  | (23)]
 11811 | Lair:1   | Entered Level 1 of the Lair of Beasts
 12053 | Lair:1   | Reached **** piety under Vehumet
 12138 | Lair:1   | Reached skill level 5 in Axes
 12143 | Lair:1   | Offered knowledge of Inner Flame by Vehumet.
 12791 | Lair:1   | Reached skill level 10 in Ice Magic
 13090 | Lair:2   | Noticed a five-headed hydra
 13310 | Lair:1   | Killed a five-headed hydra
 13457 | Lair:2   | You fall into a shaft and drop 2 floors!
 13591 | Lair:4   | Reached skill level 11 in Ice Magic
 13683 | Lair:2   | Noticed an eight-headed hydra
 13697 | Lair:2   | Killed an eight-headed hydra
 13887 | Lair:2   | Found a staircase to the Shoals.
 14034 | Lair:2   | Gained mutation: You have a tail ending in a sharp stinger.
                  | [demonic ancestry]
 14034 | Lair:2   | Reached XP level 13. HP: 102/102 MP: 25/25
 14036 | Lair:2   | Reached ***** piety under Vehumet
 14042 | Lair:2   | Learned a level 3 spell: Ozocubu's Armour
 14141 | Lair:2   | Offered knowledge of Starburst by Vehumet.
 14403 | Lair:2   | Reached skill level 12 in Ice Magic
 14493 | Lair:2   | Found a staircase to the Snake Pit.
 15486 | Lair:4   | Found a staircase to the Slime Pits.
 15523 | Lair:4   | Found a viscous altar of Jiyva.
 16135 | Lair:5   | Entered Level 5 of the Lair of Beasts
 16163 | Lair:5   | Reached skill level 13 in Ice Magic
 16997 | Lair:5   | Reached skill level 14 in Ice Magic
 17080 | Lair:5   | Noticed a fire dragon
 17436 | Lair:5   | Found a large runed translucent door.
 17437 | Lair:5   | Found a large runed translucent door.
 17572 | Lair:5   | Reached skill level 15 in Ice Magic
 17578 | Lair:5   | Gained mutation: You are completely covered in rugged brown
                  | scales. (AC +3, +7% HP) [demonic ancestry]
 17578 | Lair:5   | Reached XP level 14. HP: 85/112 MP: 26/26
 17959 | Lair:5   | Got the Papyrus of Metamorphic Beckoning
 18198 | D:11     | Mangled by a skeletal warrior

Illustrated notes

Levels and vault maps discovered:
D:1:      eino_arrival_cavern_b, layout_loops_cross, minmay_rat_gold_closets
D:2:      layout_rooms, grunt_ministairs_1, uniq_crazy_yiuf_cottage, uniq_robin,
          uniq_jessica
D:3:      layout_loops_ring, serial_shops, shop
D:4:      layout_layer_cave, mainiacjoe_overflow_catwalk,
          mainiacjoe_overflow_paths, temple_statues,
          hellmonk_ghost_happy_afterlife, st_stairs_14
D:5:      layout_basic, fedhas_altar_2, chequers_serial_rivers_micro_c,
          minmay_misc_feat_pillars, uniq_prince_ribbit1
D:6:      hellmonk_crumbling_castle, layout_rooms, serial_shops,
          nicolae_shop_tiny_statue_garden, nicolae_shop_i_like_big_books
D:7:      layout_basic, nicolae_gozag_cash_rules_everything_around_me
D:8:      layout_basic, lemuel_zombie_altar_yredelemnul, serial_shops,
          kennysheep_mini_moat, lemuel_flamethrower_1
D:9:      layout_irregular_city
D:10:     layout_loops_cross, mainiacjoe_overflow_boulevard, old_standard_altar,
          nzn_hepliaklqana_mist_gate, uniq_maurice
D:11:     layout_basic, serial_shops, nicolae_shop_pleasant_corner_grove
D:12:     layout_gridville, serial_co_window_serial, co_window_of_opportunity_a,
          co_window_corner_a, co_window_corner_a, co_window_corner_a,
          co_window_paths_b, co_window_broadway_b, co_window_corner_cb,
          co_window_corner_ca, co_window_unsneaky_path_b, co_window_corner_ca
Temple:   compressed_dpeg_circular_temple
Lair:1:   layout_loops_ring, serial_bayou_lake_a, grunt_megastairs_5,
          serial_bayou_shore_b
Lair:2:   layout_big_grid, minmay_shoals_entry_hut, alex1729_snake_entry_snake,
          grunt_megastairs_3, lemuel_fruit_tree
Lair:3:   layout_hall_layers, serial_bayou_shore_a, infiniplex_staircase_pool
Lair:4:   layout_small_grid, minmay_slime_entry_oklob_open, special_room
          [special_room_bee], pdpol_lair_neglected_garden, patterned_corridor
Lair:5:   cheibrodos_lair_end_hotspot, layout_regular_city

Skill      XL: |  1  2  3  4  5  6  7  8  9 10 11 12 13 |
---------------+----------------------------------------+-----
Ice Magic      | 4 5 6 7 9 11 15 | 15.2
Armour         | 2 |  2.0
Stealth        | 7 9 10 | 10.0
Short Blades   | 2 5 |  5.1
Fighting       | 6 8 |  8.1
Spellcasting   | 7 8 |  8.1
Dodging        | 7 |  7.2
Axes           | 5 |  5.0

Action                     |  1- 3 |  4- 6 |  7- 9 | 10-12 | 13-15 || total
---------------------------+-------+-------+-------+-------+-------++-------
  Melee: Unarmed           |    18 |       |       |       |       ||    18
         Short sword       |    25 |    57 |    80 |   102 |       ||   264
         Punch             |       |       |     2 |     1 |     2 ||     5
         Tailslap          |       |       |     6 |    37 |    16 ||    59
         War axe           |       |       |       |   138 |   103 ||   241
   Cast: Freeze            |    48 |    57 |   112 |   345 |   233 ||   795
         Frozen Ramparts   |       |    12 |     8 |    32 |    37 ||    89
         Ozocubu's Armour  |       |       |       |       |    22 ||    22
  Evoke: Wand              |       |       |       |     7 |     6 ||    13
   Stab: Sleeping          |     3 |     1 |     4 |    26 |     2 ||    36
         Paralysed         |       |    13 |    44 |   107 |    47 ||   211
 Armour: Robe              |    22 |     9 |       |       |       ||    31
         Leather armour    |       |    27 |    42 |   147 |   130 ||   346
  Dodge: Dodged            |    47 |    43 |    60 |   264 |   232 ||   646
  Block: Other             |       |     6 |    20 |    74 |    52 ||   152

Table legend: (Time is in decaauts)
 A = Elapsed time spent in this place.
 B = Non-inter-level travel time spent in this place.
 C = Inter-level travel time spent in this place.
 D = Time resting spent in this place.
 E = Time spent auto-exploring this place.
 F = Levels seen in this place.
 G = Mean time per level.
                   A        B        C        D        E       F      G
               +--------+--------+--------+--------+--------+-----+--------+
         Total |  18300 |  17418 |    882 |    454 |  13632 |  18 | 1016.7 |
       Dungeon |  11862 |  11421 |    441 |    260 |   9242 |  12 |  988.5 |
        Temple |      8 |      4 |      4 |      0 |      0 |   1 |    8.0 |
          Lair |   6428 |   5992 |    436 |    194 |   4390 |   5 | 1285.6 |
               +--------+--------+--------+--------+--------+-----+--------+

Top non-repeatable levels by time:
  Lair:5: 1868 daAuts
  Lair:1: 1581 daAuts
     D:4: 1437 daAuts
     D:1: 1260 daAuts
  Lair:4: 1176 daAuts
     D:8: 1068 daAuts
    D:12: 1065 daAuts
  Lair:2: 1050 daAuts
    D:11: 1033 daAuts
     D:3: 991 daAuts
     D:5: 922 daAuts
     D:9: 906 daAuts
    D:10: 833 daAuts
     D:6: 820 daAuts
     D:2: 766 daAuts
